 Dungeon Crawl Stone Soup version 0.21.1-1-g345015fe64 (webtiles) character file.

49 Ivernyr the Chucker (level 3, -2/36 HPs)
             Began as an Ogre Arcane Marksman on Mar 31, 2018.
             Slain by a kobold
             ... wielding a +1 whip of electrocution
              (6 damage)
             ... on level 2 of the Dungeon.
             The game lasted 00:06:09 (1781 turns).

Ivernyr the Chucker (Ogre Arcane Marksman)          Turns: 1781, Time: 00:06:09

Health: -2/36      AC:  5    Str: 14    XL:     3   Next: 77%
Magic:  1/4        EV: 10    Int: 14    God:
Gold:   95         SH:  0    Dex: 10    Spells: 0/4 levels left

rFire    . . .     SeeInvis .   a - +0 spear
rCold    . . .     Gourm    .   (no shield)
rNeg     . . .     Faith    .   g - +0 robe
rPois    .         Spirit   .   (helmet restricted)
rElec    .         Reflect  .   (no cloak)
rCorr    .         Harm     .   (gloves unavailable)
MR       .....                  (boots unavailable)
Stlth    +.........             (no amulet)
HPRegen  0.12/turn              r - +2 ring of protection
MPRegen  0.09/turn              s - ring of flight

@: very slightly contaminated
A: large, unfitting armour, tough skin 1
a: Evoke Flight


You were on level 2 of the Dungeon.
You were not hungry.

You visited 1 branch of the dungeon, and saw 2 of its levels.

You collected 95 gold pieces.

Inventory:

Hand Weapons
 a - a +0 spear (weapon)
Missiles
 c - 3 large rocks (quivered)
 d - 2 throwing nets
Armour
 g - a +0 robe (worn)
 k - a +0 cloak
Jewellery
 r - a +2 ring of protection (left hand)
 s - a ring of flight (right hand)
Scrolls
 l - a scroll of identify {unknown}
 m - a scroll of remove curse {unknown}
 o - a scroll of magic mapping {unknown}
 q - a scroll of teleportation {unknown}
 t - a scroll of enchant armour {unknown}
Potions
 e - a potion of cancellation {unknown}
 h - a potion of might {unknown}
 i - a potion of mutation {unknown}
 j - 2 potions of haste {unknown}
 n - a potion of agility {unknown}
 p - a potion of lignification {unknown}
Books
 b - a book of Debilitation

   Spells                             Type                      Level
   a - Corona                         Hexes                        1
   b - Slow                           Hexes                        2
   c - Inner Flame                    Hexes/Fire                   3
   d - Portal Projectile              Hexes/Translocation          3
   e - Cause Fear                     Hexes                        4
   f - Leda's Liquefaction            Hexes/Earth                  4
Comestibles
 f - 3 rations


   Skills:
 + Level 2.4 Fighting
 + Level 1.1 Polearms
 * Level 3.1 Throwing
 - Level 2.0 Dodging
 - Level 1.2 Spellcasting
 - Level 2.6 Hexes


You couldn't memorise any spells.
You knew the following spells:

 Your Spells              Type           Power        Failure   Level  Hunger
a - Corona                Hex            #......      9%          1    ##.....
b - Portal Projectile     Hex/Tloc       #.....       41%         3    ####...


Dungeon Overview and Level Annotations

Branches:
Dungeon (1/15)

Altars:
Elyvilon


Innate Abilities, Weirdness & Mutations

You are too large for most types of armour.
You have tough skin. (AC +1)


Message History

Aim: a kobold, wielding a whip of electrocution (chance to defeat MR: 61%)
The kobold struggles to resist.
The kobold hits you but does no damage.
You are electrocuted!
Casting: Corona
Confirm with . or Enter, or press ? or * to list all spells.
Aiming: Corona
Press: ? - help, Shift-Dir - straight line, f/p - kobold
Aim: a kobold, wielding a whip of electrocution (chance to defeat MR: 61%)
The kobold struggles to resist.
The kobold hits you but does no damage.
You are electrocuted!
* * * LOW HITPOINT WARNING * * *
You completely miss the kobold. The kobold closely misses you.
Throwing (i - inventory. (,) - cycle):
c - 4 large rocks (quivered)
Press: ? - help, Shift-Dir - straight line, f/p - kobold
Aim: a kobold, wielding a whip of electrocution You throw a large rock.
The large rock closely misses the kobold.
The kobold closely misses you.
The kobold hits you with a whip of electrocution.
You die...

#...#... ..# ..#
##...# ..... ...#
#..#.####.####...
#####.##........(..
...........####..#
.####.####.# #..##..#
.####.# #.# #).##..#
....#.# #.# #.K##..#
.##.#.# ##.####.@##..#
.# #.# #........##..#
.##.#.###..#####.##..#
###..............##..#
#........###.......#
#.######.########.##
#..........#
############


You could see a kobold.

Vanquished Creatures
  An adder (D:2)
  2 dart slugs (D:1)
  A leopard gecko (D:2)
  4 ball pythons (D:1)
  6 bats
  4 hobgoblins
  3 jackals (D:2)
  A frilled lizard (D:1)
  4 goblins (D:1)
  4 kobolds
  5 rats
35 creatures vanquished.

Notes
Turn   | Place    | Note
-------+----------+-------------------------------------------
     0 | D:1      | Ivernyr the Ogre Arcane Marksman began the quest for the Orb.
     0 | D:1      | Reached XP level 1. HP: 19/19 MP: 2/2
   322 | D:1      | Reached XP level 2. HP: 27/28 MP: 3/3
  1019 | D:1      | Reached XP level 3. HP: 35/35 MP: 4/4
  1079 | D:1      | Learned a level 3 spell: Portal Projectile
  1386 | D:1      | You fall through a shaft!
  1400 | D:2      | Found a white marble altar of Elyvilon.
  1451 | D:2      | Reached skill level 3 in Throwing
  1627 | D:2      | Reached skill level 1 in Polearms
  1781 | D:2      | Slain by a kobold

Skill      XL: |  1  2  3 |
---------------+----------+-----
Dodging        | 2 |  2.0
Fighting       | 2 |  2.4
Throwing       | 3 |  3.1
Polearms       | 1 |  1.1
Spellcasting   | |  1.2
Hexes          | |  2.6

Action                   || total
-------------------------++-------
Melee: Mace              ||    15
       Spear             ||   120
       Unarmed           ||     7
Throw: Large rock        ||     1
 Cast: Corona            ||     4
 Stab: Sleeping          ||     4
  Eat: Chunk             ||     3
Armor: Robe              ||    52
Dodge: Dodged            ||    86
